 Dungeon Crawl Stone Soup version 0.31-a0-1059-g83d41fd8b6 (webtiles) character file.

Game seed: 17462167241173448225

4220 night the Fighter (level 10, 0/77 HPs)
             Began as a Djinni Summoner on Nov 21, 2023.
             Was an Initiate of Gozag.
             Shot with a bolt by an orc warrior (1 damage)
             ... on level 7 of the Dungeon.
             The game lasted 00:26:33 (8695 turns).

night the Fighter (Djinni Summoner)                 Turns: 8695, Time: 00:26:34

Health: 0/77       AC: 14    Str:  9    XL:     10   Next: 55%
Gold:   391        EV: 11    Int: 19    God:    Gozag SH:  5 Dex: 14

rFire   + + .        h - +2 short sword (elec)
rCold   x . .        f - +0 buckler
rNeg    . . .        i - +3 leather armour
rPois   ∞            (no helmet)
rElec   .            H - +2 cloak {Will+}
rCorr   .            (no gloves)
SInv    +            (boots unavailable)
Will    ++...        (no amulet)
Stlth   ++           d - ring of see invisible
HPRegen 0.32/turn    G - +4 ring of protection
MPRegen 0.00/turn

%: infuse magic (-1 HP)
@: flying
A: sickness immunity, fire resistance 2, cold vulnerability 1, float, innate
caster, HP casting, extra vitality 1
a: Renounce Religion, Potion Petition, Call Merchant, Bribe Branch


You were on level 7 of the Dungeon.
You worshipped Gozag.
Gozag was aware of your devotion.
You visited 1 branch of the dungeon, and saw 8 of its levels.

You collected 1039 gold pieces.
You spent 598 gold pieces at shops.
You paid 50 gold pieces to Gozag.

Inventory:

Hand Weapons
 h - a +2 short sword of electrocution (weapon)
Missiles
 b - 65 stones
 c - 8 poisoned darts
 k - 13 boomerangs
 y - 2 throwing nets
 C - 3 datura-tipped darts
Armour
 a - a +0 robe
 f - a +0 buckler (worn)
 i - a +3 leather armour (worn)
 m - the +7 Kryia's mail coat {PotionHeal*2 rC+}
   (You acquired it on level 4 of the Dungeon)

   PotionHeal*2: Potions heal its wearer twice as much.
   rC+:       It protects you from cold.
 E - a +0 kite shield
 H - a +2 cloak of willpower (worn)
Jewellery
 d - a ring of see invisible (left hand)
 G - a +4 ring of protection (right hand)
Wands
 p - a wand of charming (7)
 q - a wand of mindburst (12)
 B - a wand of roots (4)
Scrolls
 g - a scroll of noise
 l - a scroll of fog
 n - a scroll of torment
 o - a scroll of fear
 v - a scroll of poison
 w - 2 scrolls of teleportation
 A - 2 scrolls of amnesia
 F - a scroll of immolation {unknown}
Potions
 e - 2 potions of ambrosia {unknown}
 j - 3 potions of mutation {unknown}
 r - a potion of degeneration {unknown}
 s - 2 potions of magic {unknown}
 t - a potion of might {unknown}
 u - 2 potions of haste {unknown}
 x - a potion of heal wounds {unknown}
 z - a potion of attraction {unknown}


   Skills:
 + Level 8.4 Fighting
 + Level 7.4 Armour
 - Level 2.1 Dodging
 - Level 1.5 Stealth
 + Level 4.5 Shields
 + Level 6.9 Spellcasting
 + Level 6.9 Conjurations
 + Level 6.9 Hexes
 + Level 6.9 Summonings
 + Level 6.9 Necromancy
 + Level 6.9 Translocations
 + Level 6.9 Transmutations
 + Level 6.9 Fire Magic
 + Level 6.9 Ice Magic
 + Level 6.9 Air Magic
 + Level 6.9 Earth Magic
 + Level 6.9 Poison Magic


You knew the following spells:

 Your Spells              Type           Power      Damage    Failure   Level
a - Summon Small Mammal   Summ           100%       N/A       1%          1
b - Call Imp              Summ           64%        N/A       1%          2
c - Call Canine Familiar  Summ           32%        N/A       3%          3
d - Summon Guardian Gole  Hex/Summ       32%        N/A       3%          3
e - Summon Lightning Spi  Summ/Air       32%        N/A       12%         4
f - Sting                 Tmut/Pois      100%       1d8       1%          1
g - Ensorcelled Hibernat  Hex/Ice        64%        N/A       1%          2
h - Wereblood             Tmut           32%        N/A       1%          2
i - Anguish               Hex/Necr       16%        N/A       12%         4
Your spell library was empty.

Dungeon Overview and Level Annotations

Branches:
Dungeon (8/15)             Temple (0/1) D:6
   Lair: D:8-11

Altars:
Ashenzari
Elyvilon
Fedhas
Gozag
Hepliaklqana
Qazlal
Wu Jian

Shops:
D:1 [::[*   D:2 =   D:6 (

Annotations:
D:5 2 transporters, DEFE's ghost, novice DsWn


Innate Abilities, Weirdness & Mutations

You are immune to sickness and miasma.
You are immune to poison.
Your flesh is very heat resistant. (rF++)
You are vulnerable to cold. (rC-)
You float through the air rather than walking.
You learn spells naturally, not from books.
Your magical power is your life essence.
You have superior vitality. (+4 MHP)


Message History

Your hound bites the orc warrior but does no damage.
The orc hits something but does no damage.
Your hound closely misses the orc warrior.
The orc warrior shoots a bolt.
The bolt hits your cerulean imp! The bolt burns your cerulean imp.
Your cerulean imp hits the orc warrior but does no damage.
The orc hits something with a +0 dagger.
Your hound bites the orc warrior but does no damage.
Casting: Call Imp (safe; 1% risk of failure)
Confirm with . or Enter, or press ? or * to list all spells.
* * * LOW HITPOINT WARNING * * *
The orc warrior shoots a bolt.
The bolt completely misses your cerulean imp.
The bolt closely misses you.
Your cerulean imp hits the orc warrior from afar with a -1 spear.
Your hound barely misses the orc warrior.
The orc hits something but does no damage.
Unknown command.
Casting: Summon Small Mammal (safe; 1% risk of failure)
Confirm with . or Enter, or press ? or * to list all spells.
* * * LOW HITPOINT WARNING * * *
Your hound completely misses the orc warrior.
The orc warrior shoots a bolt.
The bolt hits your cerulean imp! The bolt burns your cerulean imp.
Your cerulean imp dies!
Your cerulean imp disappears in a puff of smoke!
The orc hits your guardian golem with a +0 dagger.
Your hound closely misses the orc warrior.
Your guardian golem overheats!
Unknown command.
The orc warrior shoots a bolt.
The bolt completely misses your quokka. The bolt barely misses you.
Your hound bites the orc warrior but does no damage.
Your hound bites the orc warrior but does no damage.
The orc warrior shoots a bolt.
The bolt barely misses your quokka. The bolt hits you!
* * * LOW HITPOINT WARNING * * *
The bolt burns you.
You die...
Your body crumbles into a pile of gold.

#. #### #.#
##..## #.#
##....####..#
###..........#
##...........#
##........h9..#
#......[r§$o..#
##...##@.r§##8..#
##..#####..## ..#
###..## #..# .#
####....# #..# #
#.......## #..#
##...#..[## ##.#
#######..## #.#
##..## #.#
##..##..##


You could see an orc warrior (ally target), a friendly guardian golem (summoned,
inner flame), a friendly hound (summoned, sheltered) and 2 friendly quokkas.

Vanquished Creatures
  A yak (D:8)
  A water moccasin (D:7)
  3 sky beasts
  An ice beast (D:7)
  An ogre (D:6)
  A phantom (D:6)
  A kobold brigand (D:6)
  2 scorpions
  4 nameless horrors
  A hound (D:5)
  3 sleepcaps
  An orc wizard (D:5)
  A white imp (D:6)
  2 ufetubi (D:6)
  4 orcs
  A ball python (D:1)
  3 giant cockroaches (D:3)
  A goblin (D:1)
  A hobgoblin (D:3)
  2 kobolds
  2 quokkas
37 creatures vanquished.

Vanquished Creatures (collateral kills)
  A yak (D:8)
  Menkaure (D:4)
  A water moccasin (D:7)
  An ice beast (D:3)
  A sky beast (D:7)
  A phantom (D:4)
  2 scorpions
  2 hounds
  4 orc priests
  A jelly (D:5)
  2 sleepcaps (D:6)
  2 iguanas
  An orc wizard (D:5)
  3 gnolls
  4 adders
  3 dart slugs
  20 orcs
  A ball python (D:2)
  4 endoplasms
  4 giant cockroaches
  3 hobgoblins (D:2)
  6 jackals
  8 kobolds
  2 quokkas
  4 bats
  A frilled lizard (D:2)
  3 goblins
  5 rats
91 creatures vanquished.

Vanquished Creatures (others)
  Pikel (D:5)
  Maggie (D:8)
  Sigmund (D:5)
  The ghost of Maratek the Shield-Bearer, an amateur MiFi (D:4)
  3 yaks (D:8)
  A black bear (D:6)
  A centaur (D:7)
  A lemure (D:5)
  A hound (D:5)
  A jelly (D:8)
  An iguana (D:5)
  A sleepcap (D:5)
  An orc wizard (D:5)
  Ijyb (D:5)
  4 gnolls
  An adder (D:4)
  5 orcs
  A ball python (D:4)
27 creatures vanquished.

Grand Total: 155 creatures vanquished

Notes
Turn   | Place    | Note
-------+----------+-------------------------------------------
     0 | D:1      | night the Djinni Summoner began the quest for the Orb.
     0 | D:1      | night set off with the following spells memorised: Summon
                  | Small Mammal, Call Imp, Call Canine Familiar, Summon
                  | Guardian Golem, Summon Lightning Spire.
     0 | D:1      | Reached XP level 1. HP: 15/15 MP: 0/0
   177 | D:1      | Found Taery's Antique Armour Boutique.
   236 | D:1      | Found Oblagec's General Store.
   265 | D:1      | Reached XP level 2. HP: 22/22 MP: 0/0
   309 | D:1      | Found a transporter.
   309 | D:1      | Found Rureato's Book Boutique.
   420 | D:1      | Reached skill level 1 in Fighting
   455 | D:1      | Noticed a walking crystal tome
   456 | D:1      | Found Gaalicso's Book Boutique.
   457 | D:1      | Found a transporter.
   465 | D:1      | Noticed a walking earthen tome
   546 | D:1      | Found Cynybb's Armour Emporium.
   799 | D:2      | Found Zuih's Jewellery Shop.
   976 | D:2      | Reached XP level 3. HP: 27/27 MP: 0/0
   976 | D:2      | Learned a level 1 spell: Sting
  1870 | D:3      | Reached skill level 2 in Fighting
  1895 | D:3      | Reached XP level 4. HP: 21/33 MP: 0/0
  2002 | D:3      | Found a hazy altar of Hepliaklqana.
  2061 | D:3      | Noticed an ice beast
  2067 | D:3      | Noticed a nameless horror
  2072 | D:3      | Killed a nameless horror
  2082 | D:3      | HP: 3/33 [ice beast (12)]
  2089 | D:3      | Killed an ice beast
  2090 | D:3      | Reached skill level 3 in Fighting
  2090 | D:3      | Reached XP level 5. HP: 5/40 MP: 0/0
  2090 | D:3      | Learned a level 2 spell: Ensorcelled Hibernation
  2268 | D:3      | Found an opulent altar of Gozag.
  2293 | D:3      | Became a worshipper of Gozag Ym Sagoz the Greedy
  2525 | D:3      | Found a faded altar of an unknown god.
  2873 | D:4      | Identified a scroll of acquirement
  2894 | D:4      | Acquired the +7 Kryia's mail coat {PotionHeal*2 rC+}
  2894 | D:4      | Found the +7 Kryia's mail coat {PotionHeal*2 rC+}
  2939 | D:4      | Noticed a nameless horror
  2941 | D:4      | Noticed a nameless horror
  2959 | D:4      | Reached XP level 6. HP: 21/47 MP: 0/0
  3062 | D:4      | Noticed Menkaure
  3066 | D:4      | Noticed a nameless horror
  3167 | D:3      | Killed a nameless horror
  3666 | D:4      | Killed a nameless horror
  3715 | D:4      | Killed a nameless horror
  3922 | D:4      | Reached skill level 4 in Fighting
  3922 | D:4      | Reached skill level 1 in Armour
  3965 | D:4      | Reached XP level 7. HP: 41/52 MP: 0/0
  3965 | D:4      | Learned a level 2 spell: Wereblood
  4053 | D:4      | Killed Menkaure
  4054 | D:4      | Reached skill level 2 in Armour
  4312 | D:4      | Found a runed translucent door.
  4320 | D:4      | Noticed Maratek's ghost (amateur MiFi)
  4351 | D:4      | Killed Maratek's ghost
  4352 | D:4      | Reached skill level 5 in Fighting
  4352 | D:4      | Reached skill level 5 in Spellcasting
  4352 | D:4      | Reached skill level 5 in Conjurations
  4352 | D:4      | Reached skill level 5 in Hexes
  4352 | D:4      | Reached skill level 5 in Summonings
  4352 | D:4      | Reached skill level 5 in Necromancy
  4352 | D:4      | Reached skill level 5 in Translocations
  4352 | D:4      | Reached skill level 5 in Transmutations
  4352 | D:4      | Reached skill level 5 in Fire Magic
  4352 | D:4      | Reached skill level 5 in Ice Magic
  4352 | D:4      | Reached skill level 5 in Air Magic
  4352 | D:4      | Reached skill level 5 in Earth Magic
  4352 | D:4      | Reached skill level 5 in Poison Magic
  4444 | D:4      | Found a blossoming altar of Fedhas.
  4451 | D:4      | Found a white marble altar of Elyvilon.
  4451 | D:4      | Found a broken altar of Ashenzari.
  4452 | D:4      | Found an ornate altar of the Wu Jian Council.
  4739 | D:5      | Entered Level 5 of the Dungeon
  4797 | D:5      | Reached XP level 8. HP: 52/59 MP: 0/0
  4871 | D:5      | Noticed DEFE's ghost (novice DsWn)
  4918 | D:5      | Found a transporter.
  4932 | D:5      | Found a transporter.
  5045 | D:5      | Noticed Sigmund
  5046 | D:5      | Killed Sigmund
  5047 | D:5      | Reached skill level 6 in Fighting
  5062 | D:5      | Noticed Pikel
  5096 | D:5      | Killed Pikel
  5097 | D:5      | Reached skill level 5 in Armour
  5097 | D:5      | Reached XP level 9. HP: 43/67 MP: 0/0
  5097 | D:5      | Learned a level 4 spell: Anguish
  5407 | D:5      | Reached skill level 7 in Fighting
  5588 | D:5      | Noticed Ijyb
  5609 | D:5      | Killed Ijyb
  5635 | D:5      | Reached skill level 1 in Shields
  5738 | D:6      | Found Hovysayn's Antique Weapon Emporium.
  5896 | D:6      | Found a stormy altar of Qazlal.
  6138 | D:6      | Found a staircase to the Ecumenical Temple.
  6423 | D:6      | Reached skill level 2 in Shields
  7537 | D:7      | HP: 9/68 [centaur/arrow (8)]
  7941 | D:2      | Bought a +4 ring of protection for 396 gold pieces
  7961 | D:1      | Bought a runed cloak for 202 gold pieces
  8112 | D:8      | Noticed Maggie
  8129 | D:8      | Reached XP level 10. HP: 50/76 MP: 0/0
  8130 | D:8      | Killed Maggie
  8136 | D:8      | Reached skill level 8 in Fighting
  8140 | D:8      | Noticed a death yak
  8144 | D:8      | Noticed a death yak
  8689 | D:7      | HP: 8/77 [orc warrior/bolt (10)]
  8695 | D:7      | HP: 1/77 [orc warrior/bolt (7)]
  8695 | D:7      | Shot with a bolt by an orc warrior

Illustrated notes

Levels and vault maps discovered:
D:1:      amcnicky_arrival_flooded_fountain, layout_loops_ring, serial_shops,
          nicolae_shop_mannequins, shop_statue, nicolae_shop_hallway_plus,
          nicolae_shop_crystal, nicolae_shop_drivethru
D:2:      layout_basic, serial_shops, nicolae_shop_just_a_little_nook
D:3:      layout_rooms, nicolae_gozag_seed_capital, lemuel_round_altar,
          dreamdust_ecumenical_altar_grove, grunt_ministairs_8
D:4:      layout_cave_pods, minitemple, ebering_ghost_sewer_d,
          hangedman_decor_riveting, minmay_misc_feat_chi, feat_on_display,
          uniq_menkaure
D:5:      layout_loops_ring, gammafunk_ghost_arena, uniq_sigmund, uniq_ijyb,
          uniq_pikel
D:6:      layout_loops_corners, nicolae_qazlal_scattered_showers,
          minmay_temple_entry_glassed_door, serial_shops,
          nicolae_shop_tiny_glass
D:7:      layout_layer_cave
D:8:      layout_cave_pods, nemelex_diamond_rough_becter, dpeg_lair_monsters,
          serial_shops, nicolae_shop_tiny_statue_garden, uniq_prince_ribbit1,
          uniq_maggie, uniq_jeremiah

Skill      XL: |  1  2  3  4  5  6  7  8  9 10 |
---------------+-------------------------------+-----
Fighting       | 1 2 3 4 5 6 7 8 |  8.4
Spellcasting   | 4 5 6 |  6.9
Conjurations   | 4 5 6 |  6.9
Hexes          | 4 5 6 |  6.9
Summonings     | 4 5 6 |  6.9
Necromancy     | 4 5 6 |  6.9
Translocations | 4 5 6 |  6.9
Transmutations | 4 5 6 |  6.9
Fire Magic     | 4 5 6 |  6.9
Ice Magic      | 4 5 6 |  6.9
Air Magic      | 4 5 6 |  6.9
Earth Magic    | 4 5 6 |  6.9
Poison Magic   | 4 5 6 |  6.9
Armour         | 1 3 5 6 7 |  7.4
Shields        | 3 4 |  4.5
Dodging        | |  2.1
Stealth        | |  1.5

Action                     |  1- 3 |  4- 6 |  7- 9 | 10-12 || total
---------------------------+-------+-------+-------+-------++-------
  Melee: Unarmed           |    15 |       |       |       ||    15
         Short sword       |     5 |    50 |   100 |    36 ||   191
   Cast: Summon Small Mamm |    18 |     3 |    19 |     6 ||    46
         Call Imp          |    16 |    11 |    22 |     5 ||    54
         Call Canine Famil |     8 |    17 |    26 |     9 ||    60
         Summon Guardian G |       |     5 |    24 |     7 ||    36
         Ensorcelled Hiber |       |     2 |       |       ||     2
         Sting             |       |       |     2 |       ||     2
         Summon Lightning  |       |       |     1 |     1 ||     2
    Use: Scroll            |     2 |     5 |       |     3 ||    10
   Stab: Distracted        |     1 |     2 |     1 |       ||     4
         Sleeping          |     1 |       |     2 |       ||     3
 Armour: Robe              |    24 |       |       |       ||    24
         Leather armour    |     3 |    25 |    81 |    36 ||   145
         Scale mail        |       |    24 |       |       ||    24
  Dodge: Dodged            |    42 |    27 |    66 |    26 ||   161
  Block: Buckler           |     5 |     9 |    22 |    11 ||    47

Table legend: (Time is in decaauts)
 A = Elapsed time spent in this place.
 B = Non-inter-level travel time spent in this place.
 C = Inter-level travel time spent in this place.
 D = Time resting spent in this place.
 E = Time spent auto-exploring this place.
 F = Levels seen in this place.
 G = Mean time per level.
                   A        B        C        D        E       F      G
               +--------+--------+--------+--------+--------+-----+--------+
         Total |   8719 |   8028 |    691 |   1709 |   4391 |   8 | 1089.9 |
       Dungeon |   8719 |   8028 |    691 |   1709 |   4391 |   8 | 1089.9 |
               +--------+--------+--------+--------+--------+-----+--------+

Top non-repeatable levels by time:
     D:4: 1584 daAuts
     D:6: 1534 daAuts
     D:3: 1381 daAuts
     D:5: 1248 daAuts
     D:2: 1159 daAuts
     D:7: 912 daAuts
     D:1: 845 daAuts
     D:8: 54 daAuts
